 Dungeon Crawl Stone Soup version 0.18-a0-1160-geb89fc2 (webtiles) character file.

1836 M4edhros the Covert (level 9, 0/53 HPs)
             Began as an Octopode Artificer on Jan 24, 2016.
             Was a Priest of Fedhas.
             Slain by Eustachio
             ... wielding a +0 rapier
              (7 damage)
             ... on level 6 of the Dungeon.
             The game lasted 00:13:59 (5350 turns).

M4edhros the Covert (Octopode Artificer)            Turns: 5350, Time: 00:13:59

Health: 0/53       AC:  1    Str: 10      XL:     9   Next: 11%
Magic:  12/14      EV: 13    Int: 18      God:    Fedhas [***...]
Gold:   281        SH:  0    Dex: 11 (12) Spells: 0 memorised, 8 levels left

rFire  . . .     SeeInvis .     l - +2 dagger (venom)
rCold  . . .     Gourm    .     (no shield)
rNeg   . . .     Faith    .     (helmet restricted)
rPois  .         Spirit   .     (no amulet)
rElec  .         Dismiss  .     (no ring)
rCorr  .         Reflect  .     (no ring)
SustAt .         Harm     .     (no ring)
MR     .....                    (no ring)
Stlth  +++++.....               (no ring)
                                (no ring)
                                (no ring)
                                (no ring)

@: not resistant to hostile enchantments, quite stealthy
A: almost no armour, amphibious, 8 rings, constrict 8, camouflage 1, gelatinous
body 1
a: Evolution, Sunlight, Growth, Renounce Religion


You were on level 6 of the Dungeon.
You worshipped Fedhas.
Fedhas was most pleased with you.
You were very hungry.

You visited 2 branches of the dungeon, and saw 7 of its levels.

You collected 281 gold pieces.

Inventory:

Hand Weapons
 i - a +0 hunting sling
 l - a +2 dagger of venom (weapon)
 t - a +2 quarterstaff of chaos
Missiles
 j - 371 stones (quivered)
 o - 2 javelins
 z - 11 sling bullets
Rods
 p - a +4 rod of ignition (15/15)
   (Xom gifted it to you on level 2 of the Dungeon)
Wands
 b - a wand of flame (13/48)
 c - a wand of enslavement (9/24)
 d - a wand of random effects (15/48)
Scrolls
 q - a scroll of recharging
 r - a scroll of magic mapping
 u - a scroll of enchant weapon {unknown}
 x - 2 scrolls of identify
Potions
 h - a potion of cancellation
 k - 2 potions of haste
 n - 2 potions of brilliance
 w - a potion of cure mutation
Books
 e - a book of Power

   Spells                             Type                      Level
   a - Fulminant Prism                Conjuration/Hexes            4
   b - Iskenderun's Mystic Blast      Conjuration                  4
   c - Venom Bolt                     Conjuration/Poison           5
   d - Bolt of Magma                  Conjuration/Fire/Earth       5
   e - Iron Shot                      Conjuration/Earth            6
   f - Orb of Destruction             Conjuration                  7
   g - Spellforged Servitor           Conjuration/Summoning        7
 B - a Fen Folio

   Spells                             Type                      Level
   a - Corpse Rot                     Necromancy                   2
   b - Stone Arrow                    Conjuration/Earth            3
   c - Leda's Liquefaction            Hexes/Earth                  4
   d - Summon Forest                  Summoning/Translocation      5
   e - Hydra Form                     Transmutation                6
   f - Summon Hydra                   Summoning                    7
Comestibles
 f - 4 bread rations
 g - 5 fruits
 m - 2 slices of pizza
 s - a beef jerky
 v - a meat ration


   Skills:
 - Level 1.0 Fighting
 - Level 1.0 Short Blades
 + Level 4.3 Slings
 - Level 4.3 Dodging
 + Level 8.6 Stealth
 + Level 4.1 Invocations
 * Level 7.9 Evocations


You had 8 spell levels left.
You didn't know any spells.

Dungeon Overview and Level Annotations

Branches:
Dungeon (6/15)             Temple (1/1) D:5

Altars:
Ashenzari
Cheibriados
Elyvilon
Fedhas
Gozag
Nemelex Xobeh
Okawaru
Qazlal
Ru
Sif Muna
Xom
Yredelemnul
Zin

Annotations:
D:6 Eustachio


Innate Abilities, Weirdness & Mutations

You cannot wear most types of armour.
You are amphibious.
You can wear up to eight rings at the same time.
You can use your tentacles to constrict eight enemies at once.
Your skin changes colour to match your surroundings (Stealth).
Your rubbery body absorbs attacks (AC +1).


Message History

Your river rat barely misses Eustachio.
Your wandering mushroom releases spores at Eustachio but does no damage.
The river rat bites your wandering mushroom but does no damage.
Unknown command.
Unknown command.
You hit Eustachio. Your grab misses Eustachio.
Eustachio is severely wounded.
The bat hits you.
* * * LOW HITPOINT WARNING * * *
The bat completely misses your wandering mushroom.
The bat hits you.
* * * LOW HITPOINT WARNING * * *
The bat completely misses you.
Your wandering mushroom releases spores at the river rat.
The river rat dies!
The river rat's corpse disappears in a puff of smoke!
The bat hits your wandering mushroom but does no damage.
Eustachio hits you with a rapier!
You die...
Fedhas appreciates your contribution to the ecosystem.

....#....#................
....##############.##+###.
....# #....####.# .%##...
....# ?.........# .......
....# ..........# ......
....# ..........# .....
....# #....##...# ...# .
....# #... #bb.##...##..
....# ... #@f§.........
....# .. #r@.P........ .
#!.fPP.......
#.PPP........
#..P##+####.. #...# .
#..!....... #..........
#..........


You could see Eustachio, 2 bats, 2 friendly wandering mushrooms and a friendly
river rat.

Vanquished Creatures
  Pikel (D:6)
  Sigmund (D:2)
  3 slaves (D:6)
  An ice beast (D:6)
  A scorpion (D:6)
  2 crimson imps (D:5)
  A hound (D:4)
  Crazy Yiuf (D:3)
  2 orc priests
  2 giant frog skeletons
  Jessica (D:2)
  An orc wizard (D:6)
  A hound skeleton (D:5)
  A mummy (D:6)
  Robin (D:2)
  7 adders
  2 giant geckos
  15 orcs
  2 ball pythons
  7 giant cockroaches
  11 hobgoblins
  11 jackals
  A quokka (D:2)
  6 bats
  4 giant newts
  15 goblins
  7 kobolds
  A quokka skeleton (D:5)
  11 rats
120 creatures vanquished.

Vanquished Creatures (collateral kills)
  Grinder (D:5)
  Edmund (D:5)
  A phantom (D:4)
  A slave (D:6)
  A sky beast (D:3)
  An ogre (D:5)
  4 hounds
  3 orc priests
  2 orc wizards (D:3)
  A hound skeleton (D:4)
  4 gnolls (D:3)
  An adder (D:3)
  7 orcs
  A giant cockroach (D:3)
  4 jackals (D:6)
  A giant newt (D:3)
  A jackal skeleton (D:6)
35 creatures vanquished.

Vanquished Creatures (others)
  3 wandering mushrooms
  96 toadstools
99 creatures vanquished.

Grand Total: 254 creatures vanquished

Notes
Turn   | Place    | Note
--------------------------------------------------------------
     0 | D:1      | M4edhros the Octopode Artificer began the quest for the Orb.
     0 | D:1      | Reached XP level 1. HP: 13/13 MP: 3/3
   130 | D:1      | Found a shimmering altar of Xom.
   145 | D:1      | Became a worshipper of Xom of Chaos
   250 | D:1      | Reached XP level 2. HP: 18/18 MP: 4/4
   534 | D:2      | Reached XP level 3. HP: 23/23 MP: 5/5
   608 | D:2      | Noticed Sigmund
   613 | D:2      | XOM: potion effect (brilliance)
   618 | D:2      | Killed Sigmund
   618 | D:2      | Reached skill level 4 in Dodging
   618 | D:2      | Reached skill level 5 in Stealth
   618 | D:2      | Reached XP level 4. HP: 20/28 MP: 5/7
   618 | D:2      | Reached XP level 5. HP: 23/33 MP: 5/8
   636 | D:2      | Noticed Jessica
   687 | D:3      | XOM: divination: detect creatures
   750 | D:3      | Found a white marble altar of Elyvilon.
   823 | D:3      | Found an iron altar of Okawaru.
   836 | D:4      | Reached XP level 6. HP: 38/38 MP: 9/9
   890 | D:5      | Entered Level 5 of the Dungeon
   902 | D:5      | Found a staircase to the Ecumenical Temple.
   931 | Temple   | Entered the Ecumenical Temple
   944 | Temple   | Fell from the grace of Xom
   944 | Temple   | Became a worshipper of Fedhas Madash
  1160 | D:2      | Killed Jessica
  1267 | D:2      | XOM: give mutation
  1267 | D:2      | Gained mutation: You are dopey. (Int -2) [Xom's mischief]
  1430 | D:1      | Reached skill level 6 in Stealth
  1598 | D:2      | Noticed Robin
  1829 | D:1      | XOM: stat loss: -3 Dex (9/12)
  1857 | D:2      | Reached * piety under Fedhas
  1876 | D:2      | Killed Robin
  2036 | D:2      | XOM: god gift: gnarled smoking rod {god gift}
  2038 | D:2      | Identified a +3 rod of ignition (14/14) (Xom gifted it to you on level 2 of the Dungeon)
  2151 | D:2      | XOM: medium Ice miscast
  2284 | D:2      | Found a deep blue altar of Sif Muna.
  2286 | D:2      | Found a sacrificial altar of Ru.
  2286 | D:2      | Found a stormy altar of Qazlal.
  2534 | D:3      | Noticed Crazy Yiuf
  2539 | D:3      | Killed Crazy Yiuf
  2624 | D:3      | Reached skill level 1 in Slings
  2656 | D:3      | Killed a sky beast
  2656 | D:3      | Reached XP level 7. HP: 41/43 MP: 10/10
  2903 | D:3      | Reached ** piety under Fedhas
  3113 | D:4      | Reached skill level 5 in Evocations
  3123 | D:4      | Reached skill level 1 in Invocations
  3222 | D:4      | XOM: mild Summ miscast
  3289 | D:4      | Found an opulent altar of Gozag.
  3322 | D:4      | Lost mutation: You are dopey. (Int -2) [potion of cure mutation]
  3676 | D:4      | XOM: medium Trmt miscast
  3955 | D:4      | XOM: medium Hex miscast
  4034 | D:5      | Noticed Grinder
  4075 | D:5      | Killed Grinder
  4075 | D:5      | Reached skill level 7 in Stealth
  4136 | D:5      | Reached XP level 8. HP: 40/48 MP: 12/12
  4161 | D:5      | Reached *** piety under Fedhas
  4208 | D:5      | Found a sparkling altar of Nemelex Xobeh.
  4365 | D:5      | Found a shattered altar of Ashenzari.
  4543 | D:5      | Noticed Edmund
  4718 | D:5      | XOM: noise
  4785 | D:5      | Killed Edmund
  4947 | D:6      | Noticed Pikel
  4958 | D:6      | Killed Pikel
  4958 | D:6      | Reached skill level 8 in Stealth
  4958 | D:6      | Reached XP level 9. HP: 47/53 MP: 14/14
  5031 | D:6      | Found a snail-covered altar of Cheibriados.
  5305 | D:6      | Noticed Eustachio
  5350 | D:6      | Slain by Eustachio

Vault maps used:
D:1:      dpeg_arrival_orchard, xom_teletrap_fun
D:2:      grunt_temple_overflow_diamond, first_bread, uniq_robin, uniq_jessica,
          uniq_sigmund
D:3:      old_standard_altar, overflow_temple_1_default, minmay_misc_feat_tower,
          st_stairs_10, grunt_decor_clamped, uniq_crazy_yiuf_cottage
D:4:      nicolae_gozag_seed_capital, hangedman_decor_peaks_small
D:5:      marbit_many_paths, nemelex_deck, minmay_temple_entry_statues,
          uniq_edmund, uniq_grinder
D:6:      slow_altar_1, okawaru_gym_becter, uniq_pikel, uniq_eustachio
Temple:   circular_temple_6

Action                   |  1- 3 |  4- 6 |  7- 9 || total
-------------------------+-------+-------+-------++-------
Melee: Short sword       |    14 |       |       ||    14
       Dagger            |    19 |   108 |   141 ||   268
 Fire: Hunting sling     |       |       |    60 ||    60
Invok: Evolution         |       |     3 |     2 ||     5
Evoke: Wand              |       |     1 |     7 ||     8
       Rod               |       |       |     1 ||     1
  Use: Scroll            |       |     6 |    12 ||    18
       Potion            |       |       |     7 ||     7
 Stab: Sleeping          |     4 |    15 |    15 ||    34
  Eat: Meat ration       |       |     1 |     1 ||     2
       Chunk             |       |       |     3 ||     3
